Map: [ESL] Moondance

Players

Zoun

  • Race: Protoss Protoss
  • Spawn Location: 6:00

HeroMarine - Winner!

  • Race: Terran Terran
  • Spawn Location: 12:00

Event: DreamHack SC2 Masters 2022 Atlanta (Offline)

VOD

Have the link to the VOD?

Description

Time

  • Played on: Nov. 18, 2022, 5:10 p.m.
  • Length: 8:57

All games in this series

Show
View Real Time Build Order
Export as new Build Order

Zoun Protoss 

Build Orders: 1 Gate Expand, Blink Stalkers 

Get SALT Encoding   

  12  0:00  Probe  
  13  0:12  Probe  
  14  0:17  Pylon  
  14  0:24  Probe (Chrono Boost)  
  16  0:36  Gateway, Probe (Chrono Boost)  
  16  0:43  Probe (Chrono Boost)  
  16  0:45  Assimilator  
  17  0:51  Probe  
  18  1:03  Probe  
  19  1:15  Probe  
  20  1:24  Cybernetics Core  
  20  1:35  Nexus, Probe  
  21  1:43  Pylon  
  21  1:47  Probe  
  21  1:50  Assimilator  
  22  1:58  Adept (Chrono Boost)  
  22  1:59  Probe  
  23  2:05  Warp Gate  
  24  2:11  Probe  
  25  2:21  Stalker  
  27  2:23  Probe  
  28  2:32  Twilight Council  
  28  2:36  Probe  
  29  2:38  Shield Battery  
  29  2:47  Probe  
  30  2:51  Probe  
  31  2:59  Probe  
  31  3:02  Stalker  
  31  3:04  Gateway  
  31  3:05  Probe  
  35  3:11  Probe  
  35  3:12  Blink (Chrono Boost)  
  35  3:17  Probe  
  36  3:25  Probe  
  37  3:29  Probe  
  38  3:36  Robotics Facility  
  38  3:37  Probe  
  39  3:41  Probe  
  40  3:49  Probe  
  40  3:52  Gateway, Pylon  
  41  3:55  Probe  
  41  4:01  Probe  
  43  4:04  Stalker  
  43  4:08  Probe  
  46  4:11  Stalker  
  46  4:13  Pylon  
  46  4:14  Assimilator  
  48  4:19  Probe  
  48  4:20  Probe  
  48  4:22  Warp Prism (Chrono Boost)  
  51  4:29  Stalker  
  54  4:31  Probe  
  54  4:34  Probe  
  56  4:44  Probe  
  49  4:46  Probe  
  49  4:50  Stalker  
  52  4:57  Observer, Probe  
  52  4:58  Probe  
  55  5:10  Stalker x2  
  55  5:13  Stalker  
  61  5:15  Pylon  
  61  5:16  Probe  
  62  5:28  Probe  
  62  5:33  Probe  
  62  5:35  Observer  
  62  5:38  Robotics Bay  
  62  5:40  Probe  
  63  5:44  Nexus  
  63  5:45  Probe  
  64  5:53  Probe  
  64  5:54  Charge, Pylon  
  65  5:57  Probe  
  66  6:05  Probe  
  66  6:07  Forge  
  66  6:09  Probe  
  68  6:12  Stalker, Pylon  
  68  6:13  Observer  
  68  6:14  Stalker  
  68  6:17  Probe, Stalker  
  68  6:18  Observer  
  75  6:21  Probe  
  76  6:29  Probe  
  76  6:30  Disruptor (Chrono Boost)  
  76  6:31  Gateway  
  80  6:33  Probe  
  81  6:41  Probe  
  81  6:45  Probe  
  82  6:49  Gateway  
  82  6:50  Gateway  
  82  6:54  Disruptor (Chrono Boost)  
  82  6:56  Gateway  
  82  6:57  Gateway  
  82  6:59  Sentry  
  82  7:01  Zealot  
  89  7:03  Zealot  
  89  7:13  Probe  
  89  7:16  Probe x2  
  91  7:31  Pylon  
  93  7:37  Probe x3, Pylon  
  94  7:44  Zealot x3  
  100  7:52  Pylon  
  100  7:53  Pylon x2  
  100  7:54  Pylon  
  102  7:59  Zealot x2  
  102  8:00  Zealot x2  
  102  8:03  Zealot  
  108  8:11  Zealot x2  
  87  8:14  Zealot  
  87  8:19  Pylon  
  73  8:24  Stalker  
  73  8:25  Stalker x5  
  74  8:32  Zealot  
  63  8:44  Pylon  
  63  8:47  Zealot  
  63  8:48  Zealot x2  
  61  8:50  Stalker x2  
  61  8:52  Zealot  
Show
View Real Time Build Order
Export as new Build Order

HeroMarine Terran - Winner!

Build Orders:  

Get SALT Encoding   

  12  0:00  SCV  
  13  0:12  SCV  
  14  0:18  Supply Depot  
  14  0:24  SCV  
  15  0:39  SCV  
  15  0:40  Barracks  
  16  0:45  Refinery  
  16  0:51  SCV  
  16  0:53  Refinery  
  17  1:04  SCV  
  18  1:16  SCV  
  18  1:18  Supply Depot  
  19  1:28  Reaper, Orbital Command  
  20  1:41  Factory  
  20  1:54  SCV  
  20  2:01  Reaper  
  22  2:06  SCV  
  23  2:18  Command Center  
  23  2:19  SCV  
  24  2:25  Hellion  
  26  2:31  SCV  
  26  2:33  Barracks Reactor  
  27  2:45  Supply Depot, SCV  
  27  2:49  Starport  
  27  2:50  Widow Mine  
  30  2:57  SCV  
  31  3:09  SCV  
  32  3:14  Widow Mine, Marine x2  
  36  3:21  SCV  
  37  3:27  Medivac  
  37  3:31  Marine  
  37  3:32  Marine  
  37  3:33  SCV  
  42  3:40  Factory Tech Lab  
  42  3:45  SCV  
  43  3:48  Orbital Command  
  43  3:49  Marine x2  
  45  3:57  SCV  
  46  4:06  Bunker, Factory Tech Lab, Raven  
  46  4:07  Marine x2  
  46  4:09  Supply Depot, SCV  
  51  4:15  SCV  
  52  4:22  SCV  
  53  4:25  Marine  
  53  4:26  Barracks  
  53  4:30  SCV, Siege Tank, Marine  
  59  4:37  SCV  
  60  4:42  SCV  
  60  4:43  Marine  
  60  4:48  Marine  
  60  4:49  Supply Depot, SCV  
  58  4:55  Supply Depot, SCV, Viking  
  61  5:00  Marine  
  61  5:01  Refinery  
  61  5:02  Supply Depot  
  62  5:10  SCV x2, Siege Tank, Marine  
  68  5:17  Barracks  
  68  5:18  Marine  
  69  5:23  SCV x2  
  69  5:28  Marine  
  69  5:34  Stimpack  
  69  5:35  SCV x2, Marauder  
  72  5:36  Marine  
  72  5:42  Engineering Bay  
  71  5:46  Marine  
  71  5:47  SCV x2  
  71  5:48  Refinery  
  74  5:54  Marine  
  74  5:56  Marauder, Factory Reactor  
  77  5:59  SCV x2  
  77  6:04  Marine  
  79  6:05  Supply Depot, Starport Reactor  
  79  6:09  Supply Depot  
  81  6:11  SCV  
  81  6:12  Marine  
  81  6:14  SCV  
  81  6:17  Marauder  
  83  6:21  Terran Infantry Weapons Level 1, Marine, Combat Shield  
  83  6:22  Marauder  
  86  6:27  SCV x2  
  88  6:33  Supply Depot  
  88  6:35  Widow Mine x2, Marine  
  88  6:39  Marauder, Marine  
  96  6:43  Medivac  
  96  6:44  Marauder  
  100  6:50  Command Center  
  100  6:53  SCV x2  
  102  6:56  Supply Depot  
  102  7:00  Marauder  
  104  7:05  Marauder  
  104  7:06  Marine x2  
  107  7:09  SCV  
  107  7:10  SCV  
  107  7:14  Widow Mine  
  110  7:18  Widow Mine  
  110  7:22  Marauder  
  112  7:27  Marauder, Marine x2  
  112  7:28  Medivac  
  117  7:30  Medivac  
  117  7:35  Barracks  
  117  7:36  Barracks, SCV  
  117  7:37  SCV  
  118  7:40  Supply Depot  
  118  7:43  Marauder  
  120  7:45  Marine x2  
  120  7:48  Marauder  
  123  7:59  SCV, Widow Mine  
  123  8:02  SCV, Medivac x2, Widow Mine  
  123  8:04  Marauder  
  134  8:09  Marauder  
  134  8:11  SCV x2  
  131  8:18  Marine  
  131  8:19  Marine  
  125  8:20  Widow Mine  
  125  8:23  Widow Mine  
  125  8:26  Marauder  
  121  8:28  Orbital Command  
  121  8:29  SCV x2  
  116  8:35  Marauder  
  116  8:41  SCV x2  
  118  8:42  Barracks Reactor, Barracks Tech Lab  
Tags
 
Add a new tag
Caveats
  • Supply blocks, unpowered buildings, or Contaminate may cause inaccurate times.
  • Supply counts are checked every 10 seconds.